 Dungeon Crawl Stone Soup version 0.27-a0-1149-g4505690ab0 (webtiles) character file.

Game seed: 15505334953179899525

74 Lekart the Skirmisher (level 4, -1/40 HPs)
             Began as a Draconian Chaos Knight on May 13, 2021.
             Was a Plaything of Xom.
             Slain by an orc
             ... wielding a +0 mace
              (8 damage)
             ... on level 3 of the Dungeon.
             The game lasted 00:02:12 (2616 turns).

Lekart the Skirmisher (Draconian Chaos Knight)      Turns: 2616, Time: 00:02:13

Health: -1/40      AC:  5    Str: 14    XL:     4   Next: 10%
Magic:  4/4        EV: 13    Int: 13    God:    Xom [..*...]
Gold:   82         SH:  6    Dex: 11    Spells: 3/3 levels left

rFire    . . .     SeeInvis .   a - +0 falchion (chaos)
rCold    . . .     Faith    .   h - +0 kite shield
rNeg     + . .     Spirit   .   (armour unavailable)
rPois    .         Reflect  .   (helmet restricted)
rElec    .         Harm     .   (no cloak)
rCorr    .         Rampage  .   (no gloves)
Will     .....                  (no boots)
Stlth    +.........             (no amulet)
HPRegen  0.13/turn              d - ring of positive energy
MPRegen  0.09/turn              g - +4 ring of evasion

@: no status effects
A: AC +5, unfitting armour, cold-blooded
a: Renounce Religion


You were on level 3 of the Dungeon.
You worshipped Xom.
You were a toy of Xom.
You visited 1 branch of the dungeon, and saw 3 of its levels.

You collected 82 gold pieces.

Inventory:

Hand Weapons
 a - a +0 falchion of chaos (weapon)
Armour
 h - a +0 kite shield (worn)
Jewellery
 d - a ring of positive energy (left hand)
 g - a +4 ring of evasion (right hand)
Scrolls
 e - a scroll of teleportation
 i - a scroll of noise {unknown}
Potions
 b - a potion of flight {unknown}
 c - 3 potions of curing
 f - a potion of resistance


   Skills:
 + Level 4.1 Fighting
 + Level 3.9 Long Blades
 + Level 2.7 Dodging
 + Level 0.1 Stealth


You had 3 spell levels left.
You didn't know any spells.
Your spell library was empty.

Dungeon Overview and Level Annotations

Branches:
Dungeon (3/15)

Altars:
Nemelex Xobeh
Xom


Innate Abilities, Weirdness & Mutations

Your plain brown scales are hard. (AC +5)
You cannot fit into any form of body armour.
You are cold-blooded and may be slowed by cold attacks.


Message History

You are poisoned.
The orc misses you.
You closely miss the orc.
You feel very sick. The orc closely misses you.
You riposte.
You hit the orc. You burn the orc. You tail-slap the orc.
You kill the orc!
You hit the orc. Lightning courses through the orc!
You kill the orc!
You feel sick.
The orc wizard casts a spell at itself.
The orc wizard flickers and vanishes!
Deactivating autopickup; reactivate with Ctrl-A.
You hit something but do no damage.
You feel sick.
You closely miss something.
You feel sick.
You hear some strange, mumbled words.
A magic dart appears from out of thin air!
The magic dart hits you.
You hit something. You burn something.
You feel sick.
You are no longer poisoned.
Something hits you but does no damage.
You closely miss the orc. You tail-slap the orc.
The orc is lightly wounded.
The orc barely misses you. Something hits you.
You emit a cloud of colourful smoke!
You hit the orc.
The orc flickers and vanishes!
You tail-slap something.
Something hits you. x2; You block something's attack.
You are too injured to fight recklessly!
You miss something. Something hits you. x2
Something hits you but does no damage.
You miss something. Something hits you.
* * * LOW HITPOINT WARNING * * *
Something hits you.
* * * LOW HITPOINT WARNING * * *
Something hits you.
* * * LOW HITPOINT WARNING * * *
You closely miss something. Something hits you.
* * * LOW HITPOINT WARNING * * *
Something hits you!
You die...

#.....###...## #.
##...## ##### #. ##.## #
.# #.# #... #.# #.#.
#.## # ..o #..### ##
##{## ##.#.## ##.
...#.§@######....####..
......☼§§§.........)†'..
#...#...######....####..
#.. ##### #.#.## ##. #
#.### ## ##.# # #..#
#.## ##### #.# #....


You could see an orc.

Vanquished Creatures
  2 adders (D:2)
  A worm (D:2)
  2 orcs (D:3)
  3 endoplasms
  4 giant cockroaches
  2 goblins
  2 hobgoblins
  9 jackals
  7 kobolds
  2 quokkas (D:1)
  3 ball pythons
  5 bats
  3 frilled lizards
  A rat (D:2)
46 creatures vanquished.

Notes
Turn   | Place    | Note
-------+----------+-------------------------------------------
     0 | D:1      | Lekart the Draconian Chaos Knight began the quest for the
                  | Orb.
     0 | D:1      | Reached XP level 1. HP: 19/19 MP: 1/1
    70 | D:1      | XOM: smoke on damage
   251 | D:1      | XOM: smoke on damage
   253 | D:1      | Reached XP level 2. HP: 16/26 MP: 2/2
   422 | D:1      | XOM: divination: magic mapping
  1411 | D:1      | XOM: divination: detect creatures
  1461 | D:2      | Reached XP level 3. HP: 33/33 MP: 3/3
  1548 | D:2      | XOM: god gift: flail {god gift}
  1631 | D:2      | XOM: silly message
  1650 | D:2      | Reached skill level 4 in Fighting
  1675 | D:2      | XOM: cloud trail
  1949 | D:2      | XOM: god gift: 25 stones
  2213 | D:2      | XOM: divination: detect items
  2225 | D:2      | XOM: scenery: create altars
  2424 | D:3      | Reached XP level 4. HP: 39/40 MP: 4/4
  2470 | D:3      | Found a sparkling altar of Nemelex Xobeh.
  2612 | D:3      | XOM: smoke on damage
  2616 | D:3      | Slain by an orc

Illustrated notes

Levels and vault maps discovered:
D:1:      amcnicky_arrival_blooded_trapdoor, layout_basic, minmay_unequal
D:2:      layout_loops_ring
D:3:      layout_loops_corners, nemelex_xobeh_ov_fountains_minmay,
          nicolae_overflow_crystal_walls, portal_sewer_entry_b, minmay_cut_off

Skill      XL: |  1  2  3 |
---------------+----------+-----
Fighting       | 4 |  4.1
Long Blades    | |  3.9
Dodging        | |  2.7
Stealth        | |  0.1

Action                   |  1- 3 |  4- 6 || total
-------------------------+-------+-------++-------
Melee: Falchion          |   116 |    20 ||   136
       Tailslap          |     7 |     6 ||    13
  Use: Scroll            |     5 |       ||     5
 Stab: Sleeping          |     2 |       ||     2
Armor: Skin              |    39 |     7 ||    46
Dodge: Dodged            |   102 |     7 ||   109
Block: Kite shield       |     2 |     4 ||     6
       Rpst.: Falchion   |    33 |     2 ||    35

Table legend: (Time is in decaauts)
 A = Elapsed time spent in this place.
 B = Non-inter-level travel time spent in this place.
 C = Inter-level travel time spent in this place.
 D = Time resting spent in this place.
 E = Time spent auto-exploring this place.
 F = Levels seen in this place.
 G = Mean time per level.
                   A        B        C        D        E       F      G
               +--------+--------+--------+--------+--------+-----+--------+
         Total |   2639 |   2600 |     39 |    169 |   2114 |   3 |  879.7 |
       Dungeon |   2639 |   2600 |     39 |    169 |   2114 |   3 |  879.7 |
               +--------+--------+--------+--------+--------+-----+--------+

Top non-repeatable levels by time:
     D:1: 1452 daAuts
     D:2: 896 daAuts
     D:3: 290 daAuts
